 Dungeon Crawl Stone Soup version 0.31.0-12-g77e489cdc1 (webtiles) character file.

Game seed: 4746258098755736528

75 hawla the Shield-Bearer (level 4, -1/40 HPs)
             Began as a Minotaur Fighter on Feb 17, 2024.
             Splashed by a jelly's acid (10 damage)
             ... on level 2 of the Dungeon.
             The game lasted 00:02:24 (1071 turns).

hawla the Shield-Bearer (Minotaur Fighter)          Turns: 1071, Time: 00:02:25

Health: -1/40      AC:  6    Str: 23    XL:     4   Next: 11%
Magic:  3/3        EV: 10    Int:  5    God:
Gold:   18         SH:  4    Dex:  9    Spells: 3/3 levels left

rFire   . . .        a - +0 war axe
rCold   . . .        c - +0 buckler
rNeg    . . .        b - +0 scale mail
rPois   .            (helmet restricted)
rElec   .            (no cloak)
rCorr   .            (no gloves)
SInv    .            (no boots)
Will    .....        (no amulet) Stlth
                     (no ring)
HPRegen 0.26/turn    (no ring)
MPRegen 0.08/turn

%: no passive effects
@: no status effects
A: horns 2, retaliatory headbutt
a: no special abilities


You were on level 2 of the Dungeon.
You visited 1 branch of the dungeon, and saw 2 of its levels.

You collected 18 gold pieces.

Inventory:

Hand Weapons
 a - a +0 war axe (weapon)
Armour
 b - a +0 scale mail (worn)
 c - a +0 buckler (worn)
Potions
 d - a potion of might


   Skills:
 - Level 4.0 Fighting
 - Level 2.4 Axes
 - Level 3.6 Armour
 + Level 2.4 Dodging
 - Level 5.0 Shields


You had 3 spell levels left.
You didn't know any spells.
Your spell library was empty.

Dungeon Overview and Level Annotations

Branches:
Dungeon (2/15)

Altars:
Cheibriados
Nemelex Xobeh
Ru
Uskayaw
Vehumet
Wu Jian
The Shining One


Innate Abilities, Weirdness & Mutations

You have a pair of horns on your head.
You reflexively headbutt those who attack you in melee.


Message History

You open the door. 2 jellies and 2 endoplasms come into view.
The jelly quivers.
The endoplasm quivers. x2
The endoplasm hits the fungus.
The fungus begins to die.
There are monsters nearby!
There are monsters nearby!
A jelly and 5 endoplasms come into view.
Found four items.
Found six altars.
The jelly quivers.
The endoplasm quivers. x3
The endoplasm completely misses the fungus.
The jelly hits you but does no damage.
The endoplasm hits the fungus.
The fungus begins to die.
There is an open door here.
You slash the jelly!
Your hands burn!
The jelly is almost dead.
You hit the toadstool but do no damage. The jelly hits you.
You are splashed with acid!
The jelly hits you but does no damage.
The endoplasm hits the fungus.
The fungus begins to die.
The endoplasm hits the fungus.
Unknown command.
You hit the jelly.
Your hands burn!
You headbutt the jelly.
You kill the jelly!
You hit the jelly but do no damage.
Your hands burn!
You slash the toadstool!
You destroy the toadstool!
The endoplasm hits the fungus. x2; The fungus begins to die.
The jelly barely misses you.
Your Dodging skill increases to level 2!
You have reached level 4!
You feel stronger.
You aren't carrying any scrolls.
A nearby fungus withers and dies.
Things that are here:
a +0 short sword; 5 stones; a kobold corpse The jelly attacks as it pursues you!
The jelly hits you.
You are splashed with acid!
* * * LOW HITPOINT WARNING * * *
It was a potion of curing.
You feel better. The jelly hits you.
* * * LOW HITPOINT WARNING * * *
You are splashed with acid!
You die...

#.###.....##
########
#.##......)#
##.##.......#
#..##.......# .....#
#.###.....(.# .....#
#.# #....#### .....#
#.# #....'..##
.....# #.#
########.# .....#
#.# ##JJJ@..##
.....# #.# #'#######
.....# #.##.J÷J._.÷÷
.....# #.##JJ._._...
.....# #.##.P._JP...
.....# #.##JP._._...
.....# #.##.P..÷÷...
####.###.##..÷.....$
# #..##.###########


You could see a jelly and 2 endoplasms.

Vanquished Creatures
  A jelly (D:2)
  2 dart slugs
  A bat (D:2)
  3 endoplasms
  2 giant cockroaches (D:1)
  5 goblins
  5 hobgoblins
  6 ball pythons
  2 frilled lizards (D:1)
  8 kobolds
  3 rats
38 creatures vanquished.

Notes
Turn   | Place    | Note
-------+----------+-------------------------------------------
     0 | D:1      | hawla the Minotaur Fighter began the quest for the Orb.
     0 | D:1      | Reached XP level 1. HP: 19/19 MP: 0/0
   112 | D:1      | Reached skill level 4 in Shields
   128 | D:1      | Reached XP level 2. HP: 27/27 MP: 1/1
   795 | D:2      | Found a radiant altar of Vehumet.
   811 | D:2      | Reached XP level 3. HP: 27/33 MP: 2/2
   867 | D:2      | Reached skill level 5 in Shields
  1034 | D:2      | Reached skill level 1 in Dodging
  1064 | D:2      | Found a sparkling altar of Nemelex Xobeh.
  1064 | D:2      | Found a sacrificial altar of Ru.
  1064 | D:2      | Found a glowing golden altar of the Shining One.
  1064 | D:2      | Found a snail-covered altar of Cheibriados.
  1064 | D:2      | Found a hide-covered altar of Uskayaw.
  1064 | D:2      | Found an ornate altar of the Wu Jian Council.
  1067 | D:2      | Reached XP level 4. HP: 13/40 MP: 3/3
  1071 | D:2      | Splashed by a jelly's acid

Illustrated notes

Levels and vault maps discovered:
D:1:      dpeg_arrival_rooms_b, layout_loops_corners
D:2:      cheibrodos_fertilizer, layout_basic, basic_altar, minmay_fountain_box

Skill      XL: |  1  2  3 |
---------------+----------+-----
Fighting       | 4 |  4.0
Shields        | 4 5 |  5.0
Dodging        | 2 |  2.4
Axes           | |  2.4
Armour         | |  3.6

Action                     |  1- 3 |  4- 6 || total
---------------------------+-------+-------++-------
  Melee: War axe           |    66 |       ||    66
         Headbutt          |     9 |       ||     9
    Use: Scroll            |     3 |       ||     3
         Potion            |       |     1 ||     1
 Armour: Scale mail        |    40 |     2 ||    42
  Dodge: Dodged            |    36 |       ||    36
  Block: Buckler           |    13 |       ||    13
